 Dungeon Crawl Stone Soup version 0.28.0-53-g5a82cb258f (webtiles) character file.

Game seed: 15494741691024716056

200 Atelerd the Digger (level 5, -4/32 HPs)
             Began as an Octopode Earth Elementalist on July 12, 2022.
             Slain by an ogre
             ... wielding a +0 giant club
              (11 damage)
             ... on level 4 of the Dungeon.
             The game lasted 00:02:03 (4214 turns).

Atelerd the Digger (Octopode Earth Elementalist)    Turns: 4214, Time: 00:02:03

Health: -4/32      AC:  1    Str:  8    XL:     5   Next: 78%
Magic:  9/10       EV: 13    Int: 19    God:
Gold:   105        SH:  0    Dex: 12    Spells: 9/10 levels left

rFire   . . .      SeeInvis .   c - +0 dagger
rCold   . . .      Faith    .   (no shield)
rNeg    . . .      Spirit   .   (helmet restricted)
rPois   .          Reflect  .   (no amulet)
rElec   .          Harm     .   (no ring)
rCorr   .          Rampage  .   (no ring)
Will    .....                   (no ring)
Stlth   +++.......              (no ring)
HPRegen 0.10/turn               (no ring)
MPRegen 0.12/turn               (no ring)
                                (no ring)
                                (no ring)

@: no status effects
A: almost no armour, amphibious, 8 rings, camouflage 1, gelatinous body 1,
(nimble swimmer 1), tentacles
a: no special abilities


You were on level 4 of the Dungeon.
You visited 1 branch of the dungeon, and saw 4 of its levels.

You collected 105 gold pieces.

Inventory:

Hand Weapons
 c - a +0 dagger (weapon)
Missiles
 b - 122 stones
Scrolls
 a - a scroll of vulnerability {unknown}
 h - a scroll of fog {unknown}
 i - a scroll of identify {unknown}
 l - a scroll of amnesia {unknown}
 m - a scroll of enchant armour {unknown}
 o - 2 scrolls of noise {unknown}
 q - a scroll of blinking {unknown}
Potions
 d - a potion of cancellation {unknown}
 e - 2 potions of attraction {unknown}
 f - a potion of ambrosia {unknown}
 g - a potion of brilliance {unknown}
 j - 4 potions of curing {unknown}
 k - 3 potions of haste {unknown}
 n - a potion of heal wounds {unknown}
 p - a potion of lignification {unknown}


   Skills:
 - Level 0.5 Fighting
 - Level 1.2 Short Blades
 - Level 2.0 Dodging
 + Level 2.7 Stealth
 + Level 3.3 Spellcasting
 * Level 1.1 Transmutations
 - Level 5.0 Earth Magic


You had 9 spell levels left.
You knew the following spells:

 Your Spells              Type           Power      Damage    Failure   Level
a - Sandblast             Erth           44%        2d11      1%          1

Your spell library contained the following spells:

 Spells                   Type           Power      Damage    Failure   Level
 Passwall                 Tmut/Erth      12%        N/A       6%          2
 Sting                    Tmut/Pois      20%        1d4       12%         1
 Stone Arrow              Conj/Erth      24%        3d8       16%         3
 Corpse Rot               Necr/Air       6%         N/A       22%         2
 Poisonous Vapours        Pois/Air       6%         N/A       22%         2
 Petrify                  Tmut/Erth      15%        N/A       38%         4
 Olgreb's Toxic Radiance  Pois           3%         N/A       82%         4


Dungeon Overview and Level Annotations

Branches:
Dungeon (4/15)             Temple (0/1) D:4

Altars:
Gozag
Nemelex Xobeh


Innate Abilities, Weirdness & Mutations

You cannot wear most types of armour.
You are amphibious.
You can wear up to eight rings at the same time.
Your skin changes colour to match your surroundings (Stealth+).
Your rubbery body absorbs attacks. (AC +1, EV +1)
((You are camouflaged when in or above water. (Stealth+)))
You have tentacles for arms and can constrict up to eight enemies at once.


Message History

You can't see any susceptible monsters within range! (Use Z to cast anyway.) Key pressed, stopping explore.
No target in view!
Things that are here:
a +0 short sword; a kobold corpse
b - 123 stones (gained 5)
You see here a +0 short sword.
No target in view!
An ogre comes into view. It is wielding a +0 giant club.
The helpless ogre fails to defend itself.
You puncture the ogre! You squeeze the ogre!
The ogre is heavily wounded.
The ogre hits you with a +0 giant club!!
Ouch! That really hurt!
* * * LOW HITPOINT WARNING * * *
You are too injured to fight recklessly!
You are too injured to fight recklessly!
You are too injured to fight recklessly!
You are too injured to fight recklessly!
You are too injured to fight recklessly!
An ogre is nearby!
You are too injured to fight recklessly!
You are too injured to fight recklessly!
You are too injured to fight recklessly!
An ogre is nearby!
You are too injured to fight recklessly!
An ogre is nearby!
Unknown command.
You are too injured to fight recklessly!
You are too injured to fight recklessly!
You are too injured to fight recklessly!
Casting: Sandblast (safe; 1% risk of failure)
Confirm with . or Enter, or press ? or * to list all spells.
Aiming: Sandblast (safe; 1% risk of failure)
Press: ? - help, Shift-Dir - straight line, f - ogre
Aim: an ogre, wielding a +0 giant club (heavily wounded, 91% to hit)
The blast of sand hits the ogre.
The ogre is severely wounded.
The ogre hits you with a +0 giant club!
You die...

#.# ##.#..#.†#.###..# ##......
#.# #)#..###..#.##..# #.....# #.#
##..##)##..####.#####.#####
#.###..##)..##..#.........#####
#.#...##........#.#>...........
###.#.#..##...##..#.#############
.....)##..##.##..##.# # .....##
#..###..#.#.# # ...#.#
#..#..#@##.# # .###.# #...#O#.#.#
# . #.# ###### ##.# # #.# #.####
# #.# #....# # #.# ###.## # #.# #
############.# # #<...........# #


You could see an ogre.

Vanquished Creatures
  2 orc wizards (D:4)
  A hound skeleton (D:4)
  5 adders (D:3)
  An adder skeleton (D:4)
  A worm (D:4)
  A dart slug (D:3)
  5 orcs
  8 ball pythons
  4 endoplasms
  4 giant cockroaches
  8 goblins
  6 hobgoblins
  4 jackals (D:1)
  13 kobolds
  3 quokkas (D:1)
  4 bats
  2 frilled lizards
  5 rats
77 creatures vanquished.

Vanquished Creatures (others)
  A withered plant (D:1)
1 creature vanquished.

Grand Total: 78 creatures vanquished

Notes
Turn   | Place    | Note
-------+----------+-------------------------------------------
     0 | D:1      | Atelerd the Octopode Earth Elementalist began the quest for
                  | the Orb.
     0 | D:1      | Reached XP level 1. HP: 11/11 MP: 3/3
   466 | D:1      | Reached XP level 2. HP: 15/17 MP: 3/5
   978 | D:1      | Found a faded altar of an unknown god.
  1001 | D:1      | Reached skill level 4 in Earth Magic
  1001 | D:1      | Reached XP level 3. HP: 21/21 MP: 4/6
  1408 | D:2      | Found an opulent altar of Gozag.
  2114 | D:3      | Reached skill level 1 in Short Blades
  2123 | D:3      | Reached XP level 4. HP: 21/27 MP: 1/7
  3280 | D:4      | Found a staircase to the Ecumenical Temple.
  3297 | D:4      | Reached XP level 5. HP: 30/32 MP: 7/9
  3432 | D:4      | Reached skill level 5 in Earth Magic
  4120 | D:4      | Found a sparkling altar of Nemelex Xobeh.
  4212 | D:4      | Noticed an ogre
  4214 | D:4      | Slain by an ogre

Illustrated notes

Levels and vault maps discovered:
D:1:      arrival_zaba_pyramid, layout_basic, shapermc_ecumenical_altar_gd,
          minmay_heptomino_h4
D:2:      layout_basic, basic_altar
D:3:      layout_loops_cross, serial_shops, nicolae_lakefront_shop, minivault_5,
          st_stairs_13, minmay_mini_jars
D:4:      minmay_diamond_boxcup, layout_basic, nemelex_spade_bored_becter,
          marbit_many_paths, minmay_temple_entry_gardened_gates,
          solitary_fountain

Skill      XL: |  1  2  3  4  5 |
---------------+----------------+-----
Earth Magic    | 4 5 |  5.0
Short Blades   | 1 |  1.2
Spellcasting   | 3 |  3.3
Fighting       | |  0.5
Dodging        | |  2.0
Stealth        | |  2.7
Transmutations | |  1.1

Action                   |  1- 3 |  4- 6 || total
-------------------------+-------+-------++-------
Melee: Unarmed           |    11 |       ||    11
       Constrict         |    13 |     8 ||    21
       Tentacles         |    11 |     7 ||    18
       Punch             |     2 |       ||     2
       Dagger            |    35 |    28 ||    63
 Cast: Sandblast         |    35 |    42 ||    77
 Stab: Sleeping          |     4 |     3 ||     7
Armor: Skin              |     9 |     1 ||    10
Dodge: Dodged            |    47 |    26 ||    73
